 Dungeon Crawl Stone Soup version 0.15-a0-2374-gaadabb3 (webtiles) character file.

186 Ololoev the Caller (level 5, -2/35 HPs)
             Began as a Mummy Summoner on Aug 1, 2014.
             Slain by a worker ant (5 damage)
             ... on Level 4 of the Dungeon.
             The game lasted 00:14:01 (5238 turns).

Ololoev the Caller (Mummy Summoner)                 Turns: 5238, Time: 00:14:01

HP  -2/35        AC  5     Str 11      XL: 5   Next: 38%
MP   2/9         EV 10     Int 15      God:
Gold 191         SH  0     Dex 12      Spells:  3 memorised,  2 levels left

rFire  . . .     SeeInvis .     a - +0 short sword
rCold  + . .     Clarity  .     c - +0 leather armour {rF+}
rNeg   + + +     rCorr    .     (no shield)
rPois  +         rRot     +     (no helmet)
rElec  .         Spirit   .     m - +1 cloak {+Inv}
SustAb .         Warding  .     (no gloves)
rMut   .         Stasis   .     (no boots)
Gourm  .                        (no amulet)
MR     .....                    (no ring)
                                (no ring)

@: very slightly contaminated, not resistant to hostile enchantments, very
unstealthy
A: no food or potions, fire vulnerability, restore body, cold resistance 1,
negative energy resistance 3, poison resistance, torment resistance, unbreathing
a: Evoke Invisibility


You were on level 4 of the Dungeon.
You were not hungry.

You visited 1 branch of the dungeon, and saw 4 of its levels.

You collected 191 gold pieces.

Inventory:

Hand weapons
 a - a +0 short sword (weapon)
Armour
 c - a +0 leather armour of fire resistance (worn)
 m - a +1 cloak of darkness (worn)
Scrolls
 d - a scroll of enchant weapon {unknown}
 e - a scroll of blinking {unknown}
 f - 3 scrolls of identify {unknown}
 g - 2 scrolls of teleportation {unknown}
 i - a scroll of noise {unknown}
 j - a scroll of random uselessness {unknown}
 k - 2 scrolls of immolation {unknown}
 l - a scroll of amnesia {unknown}
Books
 b - a book of Callings

   Spells                             Type                      Level
   *Summon Small Mammal               Summoning                    1
   *Call Imp                          Summoning                    2
   *Call Canine Familiar              Summoning                    3
   Summon Guardian Golem              Hexes/Summoning              4
   Summon Lightning Spire             Summoning/Air                4
   Summon Ice Beast                   Ice/Summoning                4


   Skills:
 - Level 1.5 Dodging
 - Level 1.5 Stealth
 + Level 2.2 Spellcasting
 * Level 5.4 Summonings


You had 2 spell levels left.
You knew the following spells:

 Your Spells              Type           Power        Failure   Level  Hunger
a - Summon Small Mammal   Summ           ###.         1%          1    N/A
b - Call Imp              Summ           ###.....     3%          2    N/A
c - Call Canine Familiar  Summ           ###.....     10%         3    N/A

Dungeon Overview and Level Annotations

Branches:
Dungeon (4/15)
 Temple: D:4-7

Altars:
Cheibriados
Elyvilon
Gozag
Nemelex Xobeh


Innate Abilities, Weirdness & Mutations

You do not eat or drink.
Your flesh is vulnerable to fire.
Your flesh is cold resistant.
You are immune to negative energy.
Your system is resistant to poisons.
You are immune to unholy pain and torment.
You can survive without breathing.


Message History

You feel a strange surge of energy!
The worker ant bites you but does no damage.
Casting: Call Canine Familiar
Confirm with . or Enter, or press ? or * to list all spells.
The worker ant completely misses you.
You hit the worker ant but do no damage.
The worker ant is heavily wounded.
The worker ant bites you!
* * * LOW HITPOINT WARNING * * *
Your hound bites the worker ant.
You strike the helpless worker ant from a blind spot!
You hit the worker ant.
The worker ant is severely wounded.
Your hound closely misses the worker ant.
The worker ant barely misses you.
Your hound closely misses the worker ant.
The worker ant bites you.
* * * LOW HITPOINT WARNING * * *
Your hound bites the worker ant.
The worker ant bites you.
You die...

# ##.##.#.#..# #
#.#...##..# # #..... ..# .
# ###..!# .## .!. #
##.###.# ######...... # #.#
#.#####...al...... # #.#
#...(##l####...... # #.#
####.##a#####....
#######.###.....@.h......##
...>....%....#.###########
#######.####.#.# #.####.#..
#......#### ########


You could see a worker ant, a giant gecko and a friendly hound.

Vanquished Creatures
  A crimson imp (D:4)
  2 adders
  A giant mite (D:4)
  An inept feature mimic (D:2)
  2 giant geckos (D:2)
  6 hobgoblins
  2 ball pythons (D:2)
  12 bats
  2 giant cockroaches
  3 giant newts
  9 goblins
  5 kobolds (D:1)
  6 rats
  A plant (D:2)
53 creatures vanquished.

Vanquished Creatures (collateral kills)
  An ogre (D:3)
  Ijyb (D:2)
  A giant mite (D:1)
  A worm (D:2)
  A giant gecko (D:3)
  An ooze (D:1)
  4 orcs (D:3)
  4 hobgoblins
  3 goblins
  4 kobolds
  2 rats (D:2)
23 creatures vanquished.

Vanquished Creatures (others)
  A hound (D:4)
  3 bats (D:1)
  A quokka (D:1)
  7 rats (D:1)
12 creatures vanquished.

Grand Total: 88 creatures vanquished

Notes
Turn   | Place    | Note
--------------------------------------------------------------
     0 | D:1      | Ololoev, the Mummy Summoner, began the quest for the Orb.
     0 | D:1      | Reached XP level 1. HP: 13/13 MP: 3/3
   902 | D:1      | Reached XP level 2. HP: 5/19 MP: 2/4
  1753 | D:1      | Reached skill level 4 in Summonings
  1952 | D:2      | Found a white marble altar of Elyvilon.
  2297 | D:2      | Reached XP level 3. HP: 22/24 MP: 6/6
  2308 | D:2      | Learned a level 2 spell: Call Imp
  2312 | D:2      | Learned a level 3 spell: Call Canine Familiar
  3165 | D:2      | Noticed Ijyb
  3200 | D:2      | Killed Ijyb
  3647 | D:3      | Noticed an ogre
  3714 | D:3      | Reached XP level 4. HP: 21/30 MP: 7/7
  3805 | D:3      | Found a snail-covered altar of Cheibriados.
  3980 | D:3      | Killed an ogre
  3980 | D:3      | Reached skill level 5 in Summonings
  4323 | D:3      | Reached XP level 5. HP: 35/35 MP: 6/9
  4789 | D:3      | Found an opulent altar of Gozag.
  4876 | D:4      | Found a sparkling altar of Nemelex Xobeh.
  5238 | D:4      | Slain by a worker ant

Action                   |  1- 3 |  4- 6 || total
-------------------------+-------+-------++-------
Melee: Unarmed           |    51 |       ||    51
       Short sword       |   182 |   125 ||   307
 Cast: Summon Small Mamm |    30 |       ||    30
       Call Canine Famil |     4 |     6 ||    10
       Call Imp          |       |     8 ||     8
Evoke: Wand              |     3 |       ||     3
       Deck              |       |    11 ||    11
 Stab: Distracted        |     1 |     1 ||     2
       Sleeping          |     1 |     1 ||     2
